 Dungeon Crawl Stone Soup version 0.25.0-11-g1f837a76a1 (webtiles) character file.

Game seed: 10869374513775885085

185 protoss039 the Digger (level 5, -9/28 HPs)
             Began as a Deep Elf Earth Elementalist on June 26, 2020.
             Mangled by Crazy Yiuf
             ... wielding a +4 quarterstaff of chaos
              (10 damage)
             ... on level 2 of the Dungeon.
             The game lasted 00:02:43 (1927 turns).

protoss039 the Digger (Deep Elf Earth Elementalist) Turns: 1927, Time: 00:02:44

Health: -9/28      AC:  2    Str:  5    XL:     5   Next: 37%
Magic:  11/14      EV: 12    Int: 21    God:
Gold:   89         SH:  0    Dex: 15    Spells: 8/14 levels left

rFire    . . .     SeeInvis .   k - +0 dagger
rCold    . . .     Gourm    .   (no shield)
rNeg     . . .     Faith    .   c - +0 robe
rPois    .         Spirit   .   (no helmet)
rElec    .         Reflect  .   (no cloak)
rCorr    .         Harm     .   (no gloves)
MR       .....                  (no boots)
Stlth    ++........             (no amulet)
HPRegen  0.09/turn              (no ring)
MPRegen  0.14/turn              (no ring)

@: lightly drained
A: no striking features
a: no special abilities


You were on level 2 of the Dungeon.
You were not hungry.

You visited 1 branch of the dungeon, and saw 2 of its levels.

You collected 89 gold pieces.

Inventory:

Hand Weapons
 k - a +0 dagger (weapon)
 p - a +1 dagger of venom
Missiles
 b - 30 stones (quivered)
Armour
 c - a +0 robe (worn)
Jewellery
 l - a cursed ring of attention {unknown}
 n - an uncursed amulet of guardian spirit {unknown}
Scrolls
 f - 3 scrolls of identify {unknown}
 g - a scroll of enchant armour {unknown}
 j - a scroll of remove curse {unknown}
 m - a scroll of immolation {unknown}
 q - a scroll of noise {unknown}
 r - a scroll of teleportation {unknown}
Potions
 a - a potion of cancellation {unknown}
 e - a potion of lignification {unknown}
 h - a potion of degeneration {unknown}
 i - 2 potions of stabbing {unknown}
Comestibles
 d - 7 rations


   Skills:
 + Level 0.2(0.0) Short Blades
 - Level 2.4(2.0) Dodging
 - Level 2.4(2.0) Stealth
 + Level 5.4(5.0) Spellcasting
 + Level 1.1(0.7) Transmutations
 + Level 5.5(5.1) Earth Magic


You had 8 spell levels left.
You knew the following spells:

 Your Spells              Type           Power        Failure   Level  Hunger
a - Sandblast             Erth           ####..       1%          1    None
b - Passwall              Tmut/Erth      ###.....     4%          2    None
c - Stone Arrow           Conj/Erth      ###...       12%         3    ##.....

Your spell library contained the following spells:

 Spells                   Type           Power        Failure   Level  Hunger
 Petrify                  Tmut/Erth      ###.....     32%         4    ####...
 Lee's Rapid Deconstruct  Erth           ####......   36%         5    #####..


Dungeon Overview and Level Annotations

Branches:
Dungeon (2/15)

Altars:
Dithmenos
Kikubaaqudgha

Annotations:
D:2 Crazy Yiuf


Message History

Confirm with . or Enter, or press ? or * to list all spells.
Aiming: Sandblast (safe; 1% risk of failure)
Press: ? - help, Shift-Dir - straight line, f/p - Crazy Yiuf
Aim: Crazy Yiuf, wielding a +4 quarterstaff of chaos, wearing a +0 cloak and carrying a wand of digging (6) (lightly wounded)
The blast of sand misses Crazy Yiuf.
b - 31 stones Crazy Yiuf hits you with a +4 quarterstaff of chaos!
* * * LOW HITPOINT WARNING * * *
You feel drained.
* * * LOW HITPOINT WARNING * * *
Casting: Sandblast (safe; 1% risk of failure)
Confirm with . or Enter, or press ? or * to list all spells.
Aiming: Sandblast (safe; 1% risk of failure)
Press: ? - help, Shift-Dir - straight line, f/p - Crazy Yiuf
Aim: Crazy Yiuf, wielding a +4 quarterstaff of chaos, wearing a +0 cloak and carrying a wand of digging (6) (lightly wounded)
The blast of sand hits Crazy Yiuf.
Crazy Yiuf is moderately wounded.
b - 30 stones Crazy Yiuf hits you with a +4 quarterstaff of chaos!
You die...

..........#
#.##.#######...#
..........#
#.#.......<#...#
..........#
#.##########...#
........### ###
#..#.##### ........#
####......
.##############
##.####
.#######....#.### ###
#.#
.............#..##...#
#.#
............####@g...#
#.# ...........##
###..)# #.#
#.......#### ### #.##
#.......# #..##
#.......# #...#
#.......# #...#
#.......# #...#
#.......# #...##
#)......# #....#


You could see Crazy Yiuf.

Vanquished Creatures
  A crimson imp (D:2)
  Jessica (D:2)
  Natasha (thrice) (D:2)
  An adder (D:2)
  An ooze (D:2)
  2 dart slugs
  A leopard gecko (D:1)
  A giant cockroach (D:2)
  4 goblins
  5 hobgoblins
  A quokka (D:2)
  A ball python (D:2)
  4 bats (D:2)
  2 frilled lizards (D:1)
  5 kobolds
  5 rats
38 creatures vanquished.

Notes
Turn   | Place    | Note
-------+----------+-------------------------------------------
     0 | D:1      | protoss039 the Deep Elf Earth Elementalist began the quest
                  | for the Orb.
     0 | D:1      | Reached XP level 1. HP: 10/10 MP: 6/6
   311 | D:1      | Reached XP level 2. HP: 15/15 MP: 6/8
   793 | D:2      | Noticed Natasha
   797 | D:2      | Killed Natasha
   797 | D:2      | Reached XP level 3. HP: 19/19 MP: 6/10
   855 | D:2      | Learned a level 2 spell: Passwall
   906 | D:2      | Noticed Natasha
   912 | D:2      | Killed Natasha
   912 | D:2      | Reached XP level 4. HP: 15/24 MP: 6/12
   958 | D:2      | Noticed Natasha
   967 | D:2      | Killed Natasha
   967 | D:2      | Reached skill level 5 in Earth Magic
  1263 | D:2      | Found a shadowy altar of Dithmenos.
  1455 | D:2      | Found a runed translucent door.
  1456 | D:2      | Noticed Crazy Yiuf
  1534 | D:2      | Noticed Jessica
  1538 | D:2      | Killed Jessica
  1538 | D:2      | Reached skill level 5 in Spellcasting
  1538 | D:2      | Reached XP level 5. HP: 28/28 MP: 10/14
  1597 | D:2      | Found an ancient bone altar of Kikubaaqudgha.
  1924 | D:2      | Learned a level 3 spell: Stone Arrow
  1926 | D:2      | HP: 1/28 [Crazy Yiuf/+4 quarterstaff of chaos (6)]
  1927 | D:2      | Mangled by Crazy Yiuf

Illustrated notes

Levels and vault maps discovered:
D:1:      noname_arrival_rooms_in_the_neighbourhood, layout_basic,
          corexii_item_surrounded_by_moat
D:2:      layout_basic, grunt_dithmenos_smoke_and_mirrors,
          kiku_gazebo_pond_becter, uniq_natasha, uniq_crazy_yiuf_cottage,
          uniq_jessica

Skill      XL: |  1  2  3  4 |
---------------+-------------+-----
Earth Magic    | 4 5 |  5.5
Spellcasting   | 4 5 |  5.4
Short Blades   | |  0.2
Dodging        | |  2.4
Stealth        | |  2.4
Transmutations | |  1.1

Action                   |  1- 3 |  4- 6 || total
-------------------------+-------+-------++-------
Melee: Unarmed           |     4 |       ||     4
       Dagger            |       |     9 ||     9
 Cast: Sandblast         |    25 |    27 ||    52
 Stab: Sleeping          |       |     2 ||     2
  Eat: Chunk             |       |     3 ||     3
Armor: Robe              |     1 |     5 ||     6
Dodge: Dodged            |     7 |    16 ||    23
